cohdb
Replays
Latest Replays
All Replays
Popular Replays
Top Player Replays
Match Explorer
How It Works
Community
CoH3 Stats
Reddit
Sign in to upload your games and track your stats! →
Sign in with Steam
Match 42672274
Unlisted
Match 42672274
Overview
Messages
Build Orders
End
Kettenkrad Recon Vehicle
Construct Infanterie Kompanie
Grenadier Squad
MG 42 Machine Gun Team
GrW 34 Mortar Team
Infanterie Officer Quarters
Grenadier Squad
Medical Bunker
Construct Panzergrenadier Kompanie
Panzergrenadier Squad
Construct Panzer Kompanie
Panzer IV Medium Tank
Side Skirts
Pak 40 Anti-tank Gun Team
Selects Terror Battlegroup
Selects Interrogate
Selects Propaganda Leaflet Drop
Selects V1 Rocket Strike
Selects Machine Gun Camouflage
Panzer IV Medium Tank
Pak 40 Anti-tank Gun Team
V1 Rocket Strike
V1 Rocket Strike
Propaganda Leaflet Drop
Stoßtruppen Squad
Selects Defend the Fatherland
251 Medium Carrier
Pioneer Squad
Sturmpanzer IV Brummbär
Propaganda Leaflet Drop
Stoßtruppen Squad
Sir Toady
Chilly
MightyMike
Woods92
快跑鸭队长
信仰万丈光芒
gUi
Jägermeister
0
0
Comments
sign in to comment!
No comments posted yet!